 Dungeon Crawl Stone Soup version 0.24-a0-725-gf1a930fc54 (webtiles) character file.

Game seed: 469093730392237650, levelgen mode: deterministic

4219 MalarOregon the Thaumaturge (level 10, -1/89 HPs)
             Began as a Purple Draconian Transmuter on Oct 1, 2019.
             Was an Elder of Okawaru.
             Slain by a black bear (6 damage)
             ... on level 10 of the Dungeon.
             The game lasted 00:16:03 (10628 turns).

MalarOregon the Thaumaturge (DrTm)                 Turns: 10628, Time: 00:16:03

Health: -1/89      AC: 11    Str: 12      XL:     10   Next: 9%
Magic:  4/22       EV: 14    Int: 13 (18) God:    Okawaru [****..]
Gold:   525        SH:  0    Dex: 11      Spells: 12/26 levels left

rFire    . . .     SeeInvis .   p - +5 long sword (slice)
rCold    . . .     Gourm    .   (no shield)
rNeg     . . .     Faith    .   (armour unavailable)
rPois    +         Spirit   .   (helmet restricted)
rElec    .         Reflect  .   C - scarf {repulsion}
rCorr    .         Harm     .   u - +2 pair of gloves
MR       +....                  i - +0 pair of boots
Stlth    +.........             s - amulet of the acrobat (curse)
HPRegen  0.24/turn              q - ring of poison resistance
MPRegen  0.18/turn              (no ring)

@: repel missiles
A: breathe power, unfitting armour, cold-blooded, AC +7
a: Breathe Dispelling Energy, Heroism, Renounce Religion


You were on level 10 of the Dungeon.
You worshipped Okawaru.
Okawaru was greatly pleased with you.
You were not hungry.

You visited 2 branches of the dungeon, and saw 11 of its levels.

You collected 525 gold pieces.

Inventory:

Hand Weapons
 p - a +5 long sword of slicing (weapon)
   (You found it on level 4 of the Dungeon)
Missiles
 a - 107 arrows
 g - 48 poisoned darts (quivered)
Armour
 i - a +0 pair of boots (worn)
   (You found it on level 7 of the Dungeon)
 u - a +2 pair of gloves (worn)
   (You found it on level 5 of the Dungeon)
 C - a scarf of repulsion (worn)
   (You found it on level 9 of the Dungeon)
Jewellery
 q - a ring of poison resistance (left hand)
   (You found it on level 5 of the Dungeon)
 s - a cursed amulet of the acrobat (around neck)
   (You found it on level 4 of the Dungeon)
 v - an uncursed amulet of guardian spirit {unknown}
   (You found it on level 5 of the Dungeon)
 w - an uncursed ring of see invisible {unknown}
   (You found it on level 7 of the Dungeon)
 D - an uncursed ring of fire {unknown}
   (You found it on level 9 of the Dungeon)
Wands
 b - a wand of enslavement (6)
   (You found it on level 6 of the Dungeon)
 t - a wand of flame (12)
   (You found it on level 7 of the Dungeon)
Scrolls
 d - 2 scrolls of teleportation {@r4}
 f - 2 scrolls of magic mapping
 l - 4 scrolls of identify {@r1}
 r - 6 scrolls of remove curse {@r2}
 y - a scroll of fear {unknown}
 z - a scroll of summoning {unknown}
 A - a scroll of immolation {!r}
Potions
 c - a potion of mutation {unknown}
 h - 3 potions of flight
 j - a potion of invisibility {unknown}
 k - a potion of brilliance {unknown}
 m - 2 potions of resistance {unknown}
 n - 2 potions of ambrosia {unknown}
 o - 5 potions of curing {@q1}
 x - a potion of might {unknown}
Comestibles
 e - 9 rations {!d}
 B - 2 chunks of flesh


   Skills:
 * Level 8.3 Fighting
 + Level 3.9 Long Blades
 + Level 5.0 Dodging
 + Level 6.0 Unarmed Combat
 * Level 8.6 Spellcasting
 + Level 5.6 Transmutations


You had 12 spell levels left.
You knew the following spells:

 Your Spells              Type           Power        Failure   Level  Hunger
b - Blade Hands           Tmut           ###.......   34%         5    #####..
c - Ice Form              Ice/Tmut       ##......     38%         4    ####...
s - Sticks to Snakes      Tmut           ###.....     1%          2    None
x - Spider Form           Tmut/Pois      ##........   12%         3    ##.....

Your spell library contained the following spells:

 Spells                   Type           Power        Failure   Level  Hunger
 Beastly Appendage        Tmut           ###...       1%          1    None


Dungeon Overview and Level Annotations

Branches:
Dungeon (10/15)            Temple (1/1) D:4
   Lair: D:8-11         Orc: D:9-12

Altars:
Ashenzari
Cheibriados
Dithmenos
Elyvilon
Fedhas
Gozag
Hepliaklqana
Kikubaaqudgha
Makhleb
Nemelex Xobeh
Okawaru
Qazlal
Ru
Sif Muna
Trog
Uskayaw
Vehumet
Wu Jian
Xom
Yredelemnul
Zin
The Shining One

Shops:
D:4 [   D:8 (   D:9 ?

Annotations:
D:3 1 runed translucent door, Crazy Yiuf
D:9 1 runed translucent door, exclusion: 4 orange crystal statues


Innate Abilities, Weirdness & Mutations

You can breathe bolts of dispelling energy.
Your rich purple scales are hard. (AC +7)
You cannot fit into any form of body armour.
You are cold-blooded and may be slowed by cold attacks.


Message History

* * * LOW HITPOINT WARNING * * *
Something hits the plant.
A scorpion comes into view.
Unknown command.
Unknown command.
You feel less confused.
You climb upwards.
Level annotation: 1 runed translucent door, exclusion: 4 orange crystal statues The killer bee stings you!
* * * LOW HITPOINT WARNING * * *
The centaur shoots an arrow.
The arrow is repelled.
The arrow closely misses the killer bee.
The arrow dissolves into shadows!
The bullfrog barely misses you.
The centaur wields a +0 shortbow.
The centaur shoots an arrow.
The arrow hits you!
* * * LOW HITPOINT WARNING * * *
The arrow dissolves into shadows!
The killer bee stings you.
* * * LOW HITPOINT WARNING * * *
The necrophage hits you.
* * * LOW HITPOINT WARNING * * *
The orc completely misses you.
The crimson imp blinks!
The centaur shoots an arrow.
The arrow hits you.
* * * LOW HITPOINT WARNING * * *
The arrow dissolves into shadows!
The bullfrog hits you but does no damage.
The killer bee barely misses you.
The necrophage hits you but does no damage.
The orc hits you but does no damage.
There is a stone staircase leading down, spattered with blood here.
Unknown command.
Unknown command.
The killer bee misses you.
You riposte.
You completely miss the killer bee. Your punch misses the killer bee.
The centaur shoots an arrow.
The arrow is repelled.
The arrow barely misses the killer bee.
The arrow dissolves into shadows!
The bullfrog hits you but does no damage.
The centaur shoots an arrow.
The arrow misses you.
The arrow barely misses the bullfrog.
The arrow dissolves into shadows!
The necrophage hits you but does no damage.
The killer bee closely misses you. The orc hits you but does no damage.
The bullfrog skeleton closely misses you.
The crimson imp barely misses you. The bullfrog closely misses you.
You climb downwards.
The black bear bites you but does no damage.
The black bear claws you but does no damage.
The black bear closely misses you. The porcupine completely misses you.
You riposte.
You hit the porcupine but do no damage.
You tail-slap the porcupine, but do no damage.
The black bear bites you.
You die...

...... #
#...... #.
....... +.
.......
#####.##.......
...............
.##............
......r@.......
PP....h........
PFP..P.........
..PP...........
P.P....s...####
#+#P.P.....#
#...P....#
#..P.....#


You could see a black bear, a bullfrog, a scorpion and a porcupine.

Vanquished Creatures
  Pikel (D:8)
  Menkaure (D:5)
  Edmund (D:5)
  3 sky beasts
  2 orc warriors (D:7)
  4 ice beasts
  2 phantoms
  3 ogres
  A necrophage (D:6)
  2 centaurs (D:6)
  A wyvern zombie (D:6)
  3 bullfrogs (D:6)
  3 scorpions
  2 howler monkeys (D:6)
  5 wights (D:6)
  3 crimson imps
  A bullfrog zombie (D:6)
  A centaur zombie (D:6)
  4 jellies
  A hound (D:9)
  5 orc priests
  9 orc wizards
  A bullfrog skeleton (D:9)
  Jessica (D:3)
  5 iguanas
  6 worker ants
  A killer bee zombie (D:6)
  A hound zombie (D:5)
  A hound skeleton (D:8)
  4 gnolls
  2 howler monkey skeletons
  12 adders
  An adder skeleton (D:8)
  2 dart slugs
  4 worms
  3 leopard geckos
  37 orcs
  6 giant cockroaches
  3 goblins
  4 hobgoblins
  7 jackals
  3 quokkas
  2 ball pythons
  7 bats
  3 frilled lizards
  3 kobolds
  3 leopard gecko skeletons
  A quokka skeleton (D:5)
  4 rats
185 creatures vanquished.

Notes
Turn   | Place    | Note
-------+----------+-------------------------------------------
     0 | D:1      | MalarOregon the Draconian Transmuter began the quest for
                  | the Orb.
     0 | D:1      | Reached XP level 1. HP: 16/16 MP: 3/3
   257 | D:1      | Reached XP level 2. HP: 23/23 MP: 5/5
   263 | D:1      | Learned a level 2 spell: Sticks to Snakes
   896 | D:2      | Reached XP level 3. HP: 29/29 MP: 4/6
  1228 | D:2      | Found a white marble altar of Elyvilon.
  1420 | D:2      | Learned a level 3 spell: Spider Form
  1423 | D:2      | Found a basalt altar of Yredelemnul.
  1465 | D:2      | Found a shadowy altar of Dithmenos.
  1477 | D:2      | Found a glowing golden altar of the Shining One.
  1477 | D:2      | Found a sacrificial altar of Ru.
  2162 | D:3      | Noticed Jessica
  2168 | D:3      | Killed Jessica
  2168 | D:3      | Reached XP level 4. HP: 36/37 MP: 3/8
  2334 | D:3      | Found a runed translucent door.
  2335 | D:3      | Noticed Crazy Yiuf
  2563 | D:4      | Noticed an ogre
  2573 | D:4      | Reached XP level 5. HP: 45/45 MP: 2/9
  2919 | D:3      | Killed an ogre
  3159 | D:4      | Reached XP level 6. HP: 28/52 MP: 1/11
  3438 | D:4      | Found a staircase to the Ecumenical Temple.
  3446 | Temple   | Entered the Ecumenical Temple
  3476 | Temple   | Became a worshipper of Warmaster Okawaru
  3757 | D:4      | HP: 2/52 [phantom (8)]
  4329 | D:4      | Found Ytsagri's Antique Armour Shop.
  4371 | D:4      | Found an opulent altar of Gozag.
  4401 | D:4      | Your scales start taking on a rich purple colour.
  4401 | D:4      | Reached XP level 7. HP: 59/60 MP: 11/14
  4461 | D:4      | Reached * piety under Okawaru
  4461 | D:4      | Reached skill level 5 in Spellcasting
  4784 | D:5      | Entered Level 5 of the Dungeon
  4787 | D:5      | Found a bloodstained altar of Trog.
  4839 | D:5      | Noticed Menkaure
  4858 | D:5      | Killed Menkaure
  5169 | D:5      | Reached skill level 5 in Fighting
  5378 | D:5      | Reached XP level 8. HP: 27/68 MP: 14/16
  5732 | D:5      | Reached skill level 1 in Long Blades
  6404 | D:5      | Learned a level 4 spell: Ice Form
  6410 | D:5      | Learned a level 5 spell: Blade Hands
  6471 | D:6      | Reached ** piety under Okawaru
  6491 | D:6      | Noticed Edmund
  6495 | D:6      | HP: 1/70 [ice beast (8)]
  6845 | D:5      | Killed Edmund
  7206 | D:6      | Reached skill level 5 in Unarmed Combat
  7576 | D:6      | Reached XP level 9. HP: 43/78 MP: 19/19
  7586 | D:6      | Reached *** piety under Okawaru
  7682 | D:6      | Reached skill level 5 in Transmutations
  8225 | D:6      | Found a shattered altar of Ashenzari.
  8385 | D:7      | Found a hide-covered altar of Uskayaw.
  8385 | D:7      | Noticed a +0 dagger
  8386 | D:7      | Noticed a +0 dagger
  8416 | D:7      | Found an opulent altar of Gozag.
  9191 | D:7      | Reached **** piety under Okawaru
  9691 | D:8      | Found a burning altar of Makhleb.
  9704 | D:8      | Found Xutammy's Antique Weapon Emporium.
 10103 | D:8      | Noticed Pikel
 10116 | D:8      | Killed Pikel
 10116 | D:8      | Reached skill level 5 in Dodging
 10116 | D:8      | Reached XP level 10. HP: 77/88 MP: 19/22
 10462 | D:9      | Found Tybbippa's Magic Scroll Shop.
 10475 | D:9      | Got a bloodstained quarterstaff
 10535 | D:9      | Identified the +2 quarterstaff "Moukatut" {crush, MR++
                  | Str+4} (You found it on level 9 of the Dungeon)
 10550 | D:9      | Found a runed translucent door.
 10573 | D:9      | Found the +10 large shield of Ignorance {rN+ Int-4}
 10592 | D:9      | Noticed an orange crystal statue
 10592 | D:9      | Noticed an orange crystal statue
 10592 | D:9      | Noticed an orange crystal statue
 10592 | D:9      | Noticed an orange crystal statue
 10595 | D:9      | Found a runed translucent door.
 10622 | D:10     | Entered Level 10 of the Dungeon
 10628 | D:10     | Slain by a black bear

Levels and vault maps discovered:
D:1:      lemuel_arrival_tunnels, layout_basic
D:2:      layout_rooms, kennysheep_ying_yang, overflow_temple_1_default,
          chequers_temple_overflow_statue_of_worship, eino_tiny_chamber
D:3:      layout_loops_ring, uniq_jessica, uniq_crazy_yiuf_cottage
D:4:      minmay_clustersquares, layout_rooms, minmay_temple_entry_junction,
          serial_shops, shop, grunt_gozag_statues
D:5:      layout_layer_cave, nicolae_overflow_crystal_walls, first_ration,
          hangedman_decor_clover_reticule, hangedman_abyss_or_decor_passed,
          uniq_menkaure
D:6:      cheibrodos_barr_body, layout_loops_ring, kennysheep_little_box,
          uniq_edmund
D:7:      layout_basic, lemuel_round_altar, dancing_weapons_uskayaw
D:8:      layout_loops_ring, old_standard_altar, serial_shops,
          nicolae_shop_stone, uniq_pikel
D:9:      layout_cross, serial_shops, shop, chequers_guarded_unrand_ignorance
D:10:     layout_stronghold, grunt_lair_entry_orc_guard_hut,
          yredelemnul_altar_generic
Temple:   minmay_temple_bridge_abc

Skill      XL: |  1  2  3  4  5  6  7  8  9 |
---------------+----------------------------+-----
Dodging        | 2 3 4 5 |  5.0
Fighting       | 2 3 4 5 6 8 |  8.3
Spellcasting   | 3 4 5 7 8 |  8.6
Transmutations | 3 4 5 |  5.6
Unarmed Combat | 4 5 6 |  6.0
Long Blades    | 2 3 |  3.9

Action                   |  1- 3 |  4- 6 |  7- 9 | 10-12 || total
-------------------------+-------+-------+-------+-------++-------
Melee: Unarmed           |   175 |   115 |   179 |    15 ||   484
       Tailslap          |    18 |    12 |    28 |     4 ||    62
       Punch             |     2 |     2 |     2 |     1 ||     7
       Headbutt          |     3 |     2 |       |       ||     5
       Kick              |     8 |       |       |       ||     8
       Long sword        |       |    30 |   224 |    35 ||   289
Throw: Dart              |     7 |       |       |       ||     7
 Cast: Beastly Appendage |     6 |     3 |     1 |       ||    10
       Spider Form       |     1 |    10 |    19 |     1 ||    31
       Sticks to Snakes  |       |       |    13 |       ||    13
Invok: Heroism           |       |       |     1 |       ||     1
 Abil: Breathe Dispellin |       |       |     1 |       ||     1
  Use: Scroll            |       |       |    19 |       ||    19
 Stab: Sleeping          |     1 |     1 |     5 |     1 ||     8
  Eat: Chunk             |     4 |     9 |    16 |     2 ||    31
       Ration            |       |       |     1 |       ||     1
Armor: Skin              |    50 |    20 |   100 |    39 ||   209
Dodge: Dodged            |   133 |    97 |   370 |    92 ||   692
       Deflected         |       |       |       |     3 ||     3
       Rpst.: Long sword |       |     9 |    68 |    14 ||    91

Table legend:
 A = Non-vault XP
 B = Vault XP
 C = Vault XP percentage of total XP
 D = Non-vault monster count
 E = Vault monster count
 F = Vault count percentage of total count
                 A         B        C        D         E       F
            +---------+---------+-------+---------+---------+-------
      Total |    4030 |    1998 |  33.1 |     160 |      25 |  13.5
            +---------+---------+-------+---------+---------+-------
        D:1 |      38 |       0 |   0.0 |      19 |       0 |   0.0
        D:2 |      49 |       0 |   0.0 |      16 |       0 |   0.0
        D:3 |      10 |     189 |  95.0 |       6 |       3 |  33.3
        D:4 |     437 |     124 |  22.1 |      22 |       8 |  26.7
        D:5 |     903 |     333 |  26.9 |      27 |       2 |   6.9
        D:6 |    1131 |     745 |  39.7 |      32 |      11 |  25.6
        D:7 |     833 |       0 |   0.0 |      16 |       0 |   0.0
        D:8 |     329 |     607 |  64.9 |      13 |       1 |   7.1
        D:9 |     300 |       0 |   0.0 |       9 |       0 |   0.0
            +---------+---------+-------+---------+---------+-------
